AoeStats
← MatzeAoE

Black Forest

504716592Analyzed
1v1 RM · 26d ago on Sep 6, 2026· 45m 3s· 2 players
Game mode
Random Map
Map size
Tiny (2 player)
Population
200
Speed
Normal
Resources
Standard
Victory
Conquest
Starting age
Dark Age
Ending age
Imperial Age
RankedLock teamsTeams togetherTeam positionsShared explorationLock speedFull tech treeHidden civsTurbo modeCheats
Victory
Defeat
🇩🇪 Romans · Germany
2049
+14
🇸🇰 Slavs · Slovakia
2012
-14
Šteuko
5:24 Loom
11:39 Feudal Age
12:46 Town Watch
15:38 Castle Age
14:34 Horse Collar
14:54 Double-Bit Axe
18:17 Sanctity
18:26 Bow Saw
24:05 Redemption
33:52 Imperial Age
32:51 Wheelbarrow
33:55 Hand Cart
34:11 Scale Barding Armor
34:22 Onager
36:08 Conscription
36:34 Scale Barding Armor
36:40 Bloodlines
37:10 Husbandry
37:29 Block Printing
37:55 Theocracy
37:46 Illumination
37:35 Forging
38:08 Chain Barding Armor
39:51 Masonry
40:44 Hoardings
40:18 Scale Mail Armor
40:55 Plate Barding Armor
40:12 Pikeman
40:53 Squires
40:53 Scale Mail Armor
40:44 Halberdier
42:40 Iron Casting
42:17 Siege Engineers
42:28 Druzhina
42:52 Stone Mining
42:53 Gold Mining
44:30 Blast Furnace
43:41 Heavy Plow
43:10 Man-at-Arms
44:44 Chain Mail Armor
44:16 Long Swordsman
44:48 Two-Handed Swordsman
MatzeAoE
4:28 Loom
12:45 Feudal Age
12:47 Man-at-Arms
14:16 Double-Bit Axe
15:44 Horse Collar
18:29 Wheelbarrow
21:42 Castle Age
22:47 Bow Saw
23:35 Town Watch
25:09 Fortified Wall
30:25 Heavy Plow
31:24 Hand Cart
31:47 Gold Mining
31:47 Stone Mining
35:32 Imperial Age
35:06 Gold Shaft Mining
34:21 Stone Mining
34:50 Scale Barding Armor
34:55 Forging
35:34 Town Patrol
35:41 Town Patrol
36:21 Devotion
35:53 Pikeman
36:37 Scale Mail Armor
37:13 Iron Casting
36:12 Elite Centurion
37:12 Conscription
37:27 Faith
37:55 Light Cavalry
38:46 Bloodlines
38:32 Halberdier
41:19 Long Swordsman
42:00 Squires
43:16 Blast Furnace
42:36 Chain Barding Armor
42:31 Chain Mail Armor
42:23 Legionary
44:33 Plate Barding Armor
44:30 Comitatenses
Connection lost

Rejoining the realm…

Still unreachable

The connection could not be restored.

Session expired

The server has moved on; the page needs a fresh start.